 Dungeon Crawl Stone Soup version 0.19.0-24-gb05acd6 (webtiles) character file.

415 smedtjen the Firebug (level 6, -7/47 HPs)
             Began as a Demigod Fire Elementalist on Nov 21, 2016.
             Killed from afar by Dowan (16 damage)
             ... with a shard of ice
             ... on level 4 of the Dungeon.
             The game lasted 00:19:18 (4738 turns).

smedtjen the Firebug (Demigod Fire Elementalist)    Turns: 4738, Time: 00:19:18

Health: -7/47      AC:  7    Str: 11    XL:     6   Next: 33%
Magic:  2/13       EV: 13    Int: 23    God:
Gold:   194        SH:  0    Dex: 16    Spells: 2 memorised, 8 levels left

rFire  . . .     SeeInvis .     w - +1 mace (crush)
rCold  . . .     Gourm    .     r - +0 leather armour
rNeg   . . .     Faith    .     (no shield)
rPois  .         Spirit   .     (no helmet)
rElec  .         Reflect  .     (no cloak)
rCorr  .         Harm     .     z - +0 pair of gloves
MR     .....                    (no boots)
Stlth  +.........               (no amulet)
                                E - ring of loudness (curse)
                                n - +3 ring of protection

@: very slightly contaminated
A: deterioration 1, high mp 1
a: no special abilities


You were on level 4 of the Dungeon.
You were not hungry.

You visited 1 branch of the dungeon, and saw 4 of its levels.

You collected 194 gold pieces.

Inventory:

Hand Weapons
 d - a +2 dagger of speed
 g - a +2 dagger of electrocution
 v - a +2 whip of venom
 w - a +1 mace of crushing (weapon)
Armour
 a - a +0 robe
 r - a +0 leather armour (worn)
 x - a +3 chain mail of positive energy
 z - a +0 pair of gloves (worn)
Jewellery
 n - a +3 ring of protection (left hand)
 E - a cursed ring of loudness (right hand)
Wands
 u - a wand of slowing (36/48)
 y - a wand of flame (0/48)
 A - a wand of random effects (32/48)
Scrolls
 f - a scroll of fog
Potions
 e - a potion of cancellation
 h - a potion of lignification {unknown}
 m - 3 potions of haste {unknown}
 q - 2 potions of agility {unknown}
 s - a potion of magic {unknown}
 t - 2 potions of curing {unknown}
Books
 b - a book of Flames

   Spells                             Type                      Level
   a - Flame Tongue                   Conjuration/Fire             1
   b - Throw Flame                    Conjuration/Fire             2
   c - Conjure Flame                  Conjuration/Fire             3
   d - Inner Flame                    Hexes/Fire                   3
   e - Sticky Flame                   Conjuration/Fire             4
   f - Fireball                       Conjuration/Fire             5
Comestibles
 c - 2 bread rations
 i - a slice of pizza
 j - 3 meat rations
 k - a beef jerky
 C - a chunk of flesh


   Skills:
 + Level 1.5 Fighting
 + Level 0.3 Short Blades
 + Level 2.0 Maces & Flails
 + Level 0.3 Armour
 + Level 3.1 Dodging
 + Level 2.2 Stealth
 + Level 3.1 Spellcasting
 + Level 2.3 Conjurations
 + Level 3.6 Fire Magic


You had 8 spell levels left.
You knew the following spells:

 Your Spells              Type           Power        Failure   Level  Hunger
a - Flame Tongue          Conj/Fire      ###..        6%          1    None
b - Throw Flame           Conj/Fire      ###...       10%         2    ##.....


Dungeon Overview and Level Annotations

Branches:
Dungeon (4/15)
 Temple: D:4-7

Annotations:
D:4 Dowan


Innate Abilities, Weirdness & Mutations

You have an increased reservoir of magic. (+10% MP)
Your body sometimes deteriorates upon taking damage.


Message History

Casting: Flame Tongue
Confirm with . or Enter, or press ? or * to list all spells.
You don't have enough magic to cast that spell.
You closely miss Dowan. Dowan closely misses you. Dowan barely misses you.
You miss Dowan. Dowan hits you but does no damage. Dowan closely misses you.
You closely miss Dowan. Dowan hits you but does no damage.
Dowan mumbles some strange words.
Dowan blinks!
You sock Dowan!
Dowan is heavily wounded.
Dowan hits you with a dagger.
* * * LOW HITPOINT WARNING * * *
Dowan hits you with a dagger.
* * * LOW HITPOINT WARNING * * *
You sock Dowan!
Dowan is almost dead.
Dowan misses you. Dowan gestures at you while chanting.
The shard of ice hits you!
You die...

##.## #...# #..##
########
####.######......#
#.............##.##
#.##.#..#.#... ...
#.##.#..#.#..# #.#
#.##......#..###.#
#.####..###....e@#
#.####..####.#####
#............#
##############


You could see Dowan.

Vanquished Creatures
  Duvessa (D:4)
  A crimson imp (D:3)
  An orc priest (D:3)
  An orc wizard (D:3)
  Ijyb (D:3)
  Terence (D:3)
  A worker ant (D:4)
  7 adders
  2 worms
  2 dart slugs
  2 leopard geckos (D:1)
  2 orcs (D:3)
  2 ball pythons (D:2)
  A giant cockroach (D:1)
  12 goblins
  12 hobgoblins
  A quokka (D:3)
  8 bats
  7 frilled lizards
  7 kobolds
  11 rats
83 creatures vanquished.

Notes
Turn   | Place    | Note
-------+----------+-------------------------------------------
     0 | D:1      | smedtjen the Demigod Fire Elementalist began the quest for the Orb.
     0 | D:1      | Reached XP level 1. HP: 14/14 MP: 5/5
   746 | D:1      | Reached skill level 1 in Conjurations
   746 | D:1      | Reached XP level 2. HP: 20/20 MP: 4/7
  1124 | D:1      | Learned a level 2 spell: Throw Flame
  1539 | D:1      | Reached XP level 3. HP: 18/26 MP: 2/9
  2106 | D:2      | Reached XP level 4. HP: 31/33 MP: 0/10
  2603 | D:2      | Found a faded altar of an unknown god.
  3178 | D:3      | Noticed Terence
  3187 | D:3      | Killed Terence
  3355 | D:3      | Gained mutation: Your body sometimes deteriorates upon taking damage. [mutagenic glow]
  3692 | D:3      | Found a burning altar of Makhleb.
  3693 | D:3      | Found a radiant altar of Vehumet.
  3757 | D:3      | Reached XP level 5. HP: 29/39 MP: 11/11
  3972 | D:3      | Noticed Ijyb
  3981 | D:3      | Reached skill level 1 in Maces & Flails
  3986 | D:3      | Killed Ijyb
  4380 | D:3      | Reached skill level 1 in Fighting
  4647 | D:4      | Reached XP level 6. HP: 46/47 MP: 4/13
  4716 | D:4      | Noticed Duvessa
  4717 | D:4      | Noticed Dowan
  4727 | D:4      | Killed Duvessa
  4738 | D:4      | Killed from afar by Dowan

Skill      XL: |  1  2  3  4  5  6 |
---------------+-------------------+-----
Spellcasting   | 2 3 |  3.1
Conjurations   | 1 2 |  2.3
Fire Magic     | 3 |  3.6
Dodging        | 2 3 |  3.1
Stealth        | 2 |  2.2
Maces & Flails | 1 2 |  2.0
Fighting       | 1 |  1.5
Short Blades   | |  0.3
Armour         | |  0.3

Action                   |  1- 3 |  4- 6 || total
-------------------------+-------+-------++-------
Melee: Dagger            |    36 |     8 ||    44
       Mace              |       |    75 ||    75
 Cast: Flame Tongue      |    45 |    51 ||    96
       Throw Flame       |    15 |    18 ||    33
  Use: Scroll            |       |     7 ||     7
 Stab: Sleeping          |     1 |     1 ||     2
  Eat: Bread ration      |     1 |       ||     1
       Chunk             |       |     5 ||     5
       Meat ration       |       |     1 ||     1
Armor: Robe              |    21 |    19 ||    40
       Chain mail        |       |    25 ||    25
       Leather armour    |       |    14 ||    14
Dodge: Dodged            |    46 |    82 ||   128
